AoeStats
← JuryParty6413

Arabia

510129967Analyzed
1v1 RM · 3d ago on Sep 29, 2026· 29m 49s· 2 players
Game mode
Random Map
Map size
Tiny (2 player)
Population
200
Speed
Normal
Resources
Standard
Victory
Conquest
Starting age
Dark Age
Ending age
Imperial Age
RankedLock teamsTeams togetherTeam positionsShared explorationLock speedFull tech treeHidden civsTurbo modeCheats
Victory
Defeat
🇮🇳 Dravidians · India
1161
+17
🇪🇬 Persians · Egypt
1180
-17
JuryParty6413
5:41 Loom
8:59 Feudal Age
19:43 Castle Age
17:44 Double-Bit Axe
18:17 Horse Collar
19:20 Fletching
19:32 Padded Archer Armor
19:46 Crossbowman
21:36 Town Watch
27:37 Thumb Ring
Slayer350
7:31 Loom
9:52 Feudal Age
16:46 Double-Bit Axe
18:22 Wheelbarrow
21:53 Castle Age
21:26 Bloodlines
21:30 Scale Barding Armor
22:18 Elite Skirmisher
Connection lost

Rejoining the realm…

Still unreachable

The connection could not be restored.

Session expired

The server has moved on; the page needs a fresh start.